General information
- name: BNet
- type: Ladder team game (AT/RT)
- host: Battle.net
- saver: skrt
map: Deadlock_LV
- players: 8
- length: 19:06
- speed: Fast
- version: 1.10030 W3XP
- replay type: Public
» download(233 KB)
Players
team 1 (winner)

»
Hunter. (
green | 70 APM | 1343 actions | 19:05)
5 Keeper of the Grove
3 Entangling Roots
2 Thorns Aura
4 Priestess of the Moon
2 Scout
2 Trueshot Aura
» actions
| Assign group hotkey | 25 | |
| Basic commands | 74 | |
| Build / train | 99 | |
| ESC pressed | 3 | |
| Enter build submenu | 13 | |
| Enter hero's abilities submenu | 9 | |
| Give item / drop item | 3 | |
| Right click | 439 | |
| Select / deselect | 248 | |
| Select group hotkey | 363 | |
| Use ability | 67 | |
1343 total
» units
| Wisp | 23 | |
| Archer | 18 | |
| Mountain Giant | 4 | |
| Faerie Dragon | 1 | |
| Druid of the Talon | 8 | |
| Dryad | 9 | |
| Razormane Medicine Man | 2 | |
65 total
» upgrades
| Ultravision | 1 | |
| Strength of the Moon | 2 | |
| Backpack | 1 | |
| Moon Armor | 1 | |
| Strength of the Wild | 2 | |
| Reinforced Hides | 2 | |
| Improved Bows | 1 | |
| Abolish Magic | 1 | |
| Druid of the Talon Training | 1 | |
| Hardened Skin | 1 | |
| Resistant Skin | 1 | |
| Well Spring | 1 | |
| Marksmanship | 1 | |
16 total
» buildings
| Altar of Elders | 1 | |
| Moon Well | 9 | |
| Ancient of War | 1 | |
| Hunter's Hall | 1 | |
| Ancient of Wonders | 2 | |
| Tree of Life | 1 | |
| Tree of Ages | 1 | |
| Tree of Eternity | 1 | |
| Ancient of Lore | 1 | |
| Ancient of Wind | 1 | |
19 total
» build order
00:22 Altar of Elders
00:46 Moon Well
01:02 Ancient of War
01:38 Moon Well
01:39 Moon Well
01:40 Moon Well
01:41 Moon Well
01:41 Moon Well
02:34 Hunter's Hall
02:36 Ancient of Wonders
03:40 Ancient of Wonders
04:31 Tree of Life
04:45 Tree of Ages
05:12 Moon Well
08:26 Tree of Eternity
08:34 Ancient of Lore
08:43 Ancient of Wind
15:55 Moon Well
15:57 Moon Well
» items
| Scroll of Town Portal | 3 | |
| Orb of Venom | 1 | |
4 total

»
skrt (
pink | 176 APM | 3371 actions | 19:06)
5 Death Knight
3 Death Coil
2 Unholy Aura
3 Lich
2 Frost Nova
1 Frost Armor
» actions
| Assign group hotkey | 24 | |
| Basic commands | 191 | |
| Build / train | 62 | |
| ESC pressed | 9 | |
| Enter build submenu | 29 | |
| Enter hero's abilities submenu | 9 | |
| Right click | 1675 | |
| Select / deselect | 626 | |
| Select group hotkey | 652 | |
| Use ability | 94 | |
3371 total
» units
| Acolyte | 14 | |
| Ghoul | 3 | |
| Crypt Fiend | 10 | |
| Frost Wyrm | 3 | |
30 total
» upgrades
» buildings
| Crypt | 1 | |
| Graveyard | 1 | |
| Altar of Darkness | 1 | |
| Ziggurat | 6 | |
| Tomb of Relics | 2 | |
| Nerubian Tower | 2 | |
| Necropolis | 4 | |
| Halls of the Dead | 2 | |
| Black Citadel | 1 | |
| Spirit Tower | 3 | |
| Sacrificial Pit | 1 | |
| Boneyard | 3 | |
27 total
» build order
00:08 Crypt
00:12 Graveyard
00:40 Altar of Darkness
00:55 Ziggurat
01:10 Tomb of Relics
01:23 Tomb of Relics
02:02 Ziggurat
02:10 Nerubian Tower
02:10 Nerubian Tower
04:30 Necropolis
04:33 Necropolis
04:47 Halls of the Dead
04:47 Halls of the Dead
07:30 Ziggurat
07:32 Ziggurat
07:44 Black Citadel
08:31 Spirit Tower
08:35 Spirit Tower
10:08 Sacrificial Pit
11:08 Boneyard
11:10 Boneyard
11:18 Boneyard
13:19 Ziggurat
13:31 Spirit Tower
14:39 Ziggurat
15:53 Necropolis
18:50 Necropolis
» items
| Rod of Necromancy | 2 | |
| Scroll of Town Portal | 2 | |
| Potion of Mana | 5 | |
| Orb of Corruption | 1 | |
| Potion of Healing | 3 | |
13 total

»
Ontario (
purple | 46 APM | 871 actions | 19:05)
7 Crypt Lord
3 Carrion Beetles
3 Spiked Carapace
1 Locust Swarm
» actions
| Build / train | 70 | |
| Enter build submenu | 30 | |
| Enter hero's abilities submenu | 7 | |
| Remove unit from queue | 2 | |
| Right click | 400 | |
| Select / deselect | 321 | |
| Use ability | 41 | |
871 total
» units
| Acolyte | 13 | |
| Ghoul | 4 | |
| Crypt Fiend | 11 | |
| Gargoyle | 8 | |
| Abomination | 4 | |
| Obsidian Statue | 1 | |
41 total
» upgrades
| Creature Carapace | 3 | |
| Creature Attack | 3 | |
| Web | 1 | |
| Destroyer Form | 1 | |
| Disease Cloud | 1 | |
| Unholy Armor | 1 | |
| Unholy Strength | 1 | |
11 total
» buildings
| Altar of Darkness | 1 | |
| Ziggurat | 7 | |
| Crypt | 3 | |
| Graveyard | 1 | |
| Tomb of Relics | 1 | |
| Nerubian Tower | 1 | |
| Halls of the Dead | 1 | |
| Necropolis | 1 | |
| Slaughterhouse | 2 | |
| Black Citadel | 1 | |
| Sacrificial Pit | 1 | |
| Boneyard | 2 | |
22 total
» build order
00:20 Altar of Darkness
00:23 Ziggurat
00:54 Crypt
01:04 Graveyard
01:32 Ziggurat
01:38 Tomb of Relics
03:27 Ziggurat
04:25 Nerubian Tower
05:09 Halls of the Dead
07:29 Necropolis
07:45 Slaughterhouse
09:04 Black Citadel
10:53 Sacrificial Pit
11:02 Ziggurat
13:02 Boneyard
13:04 Boneyard
13:20 Slaughterhouse
15:16 Crypt
15:21 Crypt
15:27 Ziggurat
16:16 Ziggurat
16:18 Ziggurat
» items
| Scroll of Town Portal | 4 | |
| Scroll of Healing | 2 | |
| Orb of Corruption | 1 | |
7 total
Brewery (
red | 61 APM | 1165 actions | 19:05)
4 Priestess of the Moon
2 Trueshot Aura
2 Searing Arrows
» actions
| Assign group hotkey | 11 | |
| Build / train | 54 | |
| ESC pressed | 4 | |
| Enter build submenu | 20 | |
| Enter hero's abilities submenu | 4 | |
| Remove unit from queue | 3 | |
| Right click | 800 | |
| Select / deselect | 236 | |
| Select group hotkey | 6 | |
| Use ability | 27 | |
1165 total
» units
» upgrades
| Strength of the Moon | 0 | |
| Strength of the Wild | 3 | |
| Reinforced Hides | 2 | |
| Corrosive Breath | 1 | |
6 total
» buildings
| Altar of Elders | 1 | |
| Moon Well | 8 | |
| Ancient of War | 1 | |
| Tree of Ages | 1 | |
| Hunter's Hall | 1 | |
| Tree of Eternity | 1 | |
| Tree of Life | 1 | |
| Chimaera Roost | 3 | |
17 total
» build order
00:05 Altar of Elders
00:19 Moon Well
00:50 Ancient of War
02:18 Tree of Ages
02:42 Moon Well
04:02 Moon Well
04:21 Hunter's Hall
04:41 Tree of Eternity
05:16 Moon Well
05:21 Tree of Life
07:08 Chimaera Roost
07:26 Chimaera Roost
11:03 Moon Well
11:05 Moon Well
13:16 Chimaera Roost
15:31 Moon Well
15:34 Moon Well
» items
| Boots of Speed | 1 | |
| Potion of Lesser Invulnerability | 1 | |
| Scroll of Town Portal | 2 | |
| Scroll of Protection | 1 | |
5 total
team 2 (loser)
S-Jay (
teal | 113 APM | 2167 actions | 19:05)
6 Archmage
3 Summon Water Elemental
2 Brilliance Aura
1 Mass Teleport
2 Mountain King
1 Storm Bolt
1 Bash
» actions
| Assign group hotkey | 38 | |
| Basic commands | 151 | |
| Build / train | 70 | |
| ESC pressed | 2 | |
| Enter build submenu | 19 | |
| Enter hero's abilities submenu | 8 | |
| Give item / drop item | 1 | |
| Right click | 1061 | |
| Select / deselect | 338 | |
| Select group hotkey | 412 | |
| Use ability | 67 | |
2167 total
» units
| Peasant | 13 | |
| Rifleman | 16 | |
| Mortar Team | 7 | |
| Priest | 10 | |
46 total
» upgrades
| Long Rifles | 1 | |
| Gunpowder | 3 | |
| Armor | 1 | |
| Priest Training | 2 | |
| Fragmentation Shards | 1 | |
8 total
» buildings
| Altar of Kings | 1 | |
| Farm | 11 | |
| Blacksmith | 1 | |
| Barracks | 1 | |
| Scout Tower | 1 | |
| Arcane Tower | 1 | |
| Keep | 1 | |
| Town Hall | 1 | |
| Arcane Vault | 1 | |
| Arcane Sanctum | 1 | |
| Lumber Mill | 1 | |
| Workshop | 1 | |
| Castle | 1 | |
23 total
» build order
00:11 Altar of Kings
00:18 Farm
00:33 Blacksmith
00:51 Farm
01:32 Farm
01:50 Barracks
02:08 Farm
02:34 Scout Tower
03:02 Arcane Tower
03:54 Keep
05:26 Town Hall
05:43 Arcane Vault
07:35 Arcane Sanctum
08:26 Lumber Mill
08:29 Workshop
08:32 Farm
08:33 Farm
09:40 Farm
10:07 Farm
10:31 Farm
12:19 Castle
13:11 Farm
14:56 Farm
» items
| Dust of Appearance | 1 | |
| Scroll of Regeneration | 1 | |
| Scroll of Town Portal | 1 | |
3 total

»
LightYagami (
yellow | 32 APM | 595 actions | 18:52)
5 Demon Hunter
2 Immolation
3 Evasion
» actions
| Basic commands | 40 | |
| Build / train | 73 | |
| Enter build submenu | 22 | |
| Enter hero's abilities submenu | 5 | |
| Give item / drop item | 2 | |
| Right click | 166 | |
| Select / deselect | 221 | |
| Use ability | 66 | |
595 total
» units
| Wisp | 26 | |
| Chimaera | 16 | |
| Hippogryph | 6 | |
48 total
» upgrades
| Ultravision | 1 | |
| Strength of the Wild | 3 | |
| Reinforced Hides | 2 | |
| Corrosive Breath | 1 | |
| Well Spring | 1 | |
8 total
» buildings
| Ancient of War | 1 | |
| Moon Well | 6 | |
| Altar of Elders | 1 | |
| Tree of Ages | 1 | |
| Hunter's Hall | 1 | |
| Tree of Life | 4 | |
| Ancient of Wonders | 1 | |
| Tree of Eternity | 1 | |
| Ancient of Wind | 2 | |
| Ancient Protector | 2 | |
| Chimaera Roost | 3 | |
23 total
» build order
00:24 Ancient of War
00:35 Moon Well
00:49 Altar of Elders
01:41 Moon Well
02:01 Moon Well
03:35 Tree of Ages
03:41 Hunter's Hall
03:51 Tree of Life
04:12 Moon Well
04:14 Moon Well
04:23 Ancient of Wonders
04:37 Moon Well
05:58 Tree of Eternity
06:02 Tree of Life
06:07 Ancient of Wind
06:42 Tree of Life
06:53 Ancient of Wind
07:26 Ancient Protector
08:16 Tree of Life
08:21 Ancient Protector
09:43 Chimaera Roost
10:04 Chimaera Roost
10:48 Chimaera Roost
» items
| Orb of Venom | 1 | |
| Potion of Healing | 4 | |
| Scroll of Town Portal | 1 | |
6 total

»
jeaan (
blue | 27 APM | 367 actions | 13:28)
2 Blademaster
1 Wind Walk
1 Critical Strike
» actions
| Build / train | 30 | |
| Enter build submenu | 16 | |
| Enter hero's abilities submenu | 2 | |
| Right click | 181 | |
| Select / deselect | 107 | |
| Use ability | 31 | |
367 total
» units
| Peon | 8 | |
| Troll Headhunter/Berserker | 4 | |
12 total
» upgrades
| Spiked Barricades | 1 | |
| Armor | 1 | |
| Troll Regeneration | 1 | |
| Ranged Weapons | 1 | |
| Berserker Upgrade | 1 | |
| Shaman Training | 1 | |
6 total
» buildings
| Orc Burrow | 5 | |
| Altar of Storms | 1 | |
| Barracks | 1 | |
| War Mill | 1 | |
| Stronghold | 1 | |
| Voodoo Lounge | 1 | |
| Watch Tower | 3 | |
| Fortress | 1 | |
| Spirit Lodge | 1 | |
| Tauren Totem | 1 | |
16 total
» build order
00:15 Orc Burrow
00:19 Altar of Storms
00:47 Barracks
01:28 Orc Burrow
02:10 Orc Burrow
02:27 Orc Burrow
02:49 War Mill
03:51 Stronghold
03:55 Orc Burrow
04:04 Voodoo Lounge
05:04 Watch Tower
05:13 Watch Tower
06:59 Watch Tower
07:02 Fortress
08:36 Spirit Lodge
10:46 Tauren Totem
» items
| Scroll of Regeneration | 1 | |
| Lesser Clarity Potion | 1 | |
| Healing Salve | 1 | |
| Scroll of Speed | 1 | |
| Potion of Healing | 1 | |
| Orb of Lightning | 1 | |
| Potion of Mana | 1 | |
7 total
Vigilance (
orange | 129 APM | 2443 actions | 18:57)
4 Archmage
2 Blizzard
2 Brilliance Aura
» actions
| Assign group hotkey | 18 | |
| Basic commands | 7 | |
| Build / train | 74 | |
| ESC pressed | 4 | |
| Enter build submenu | 31 | |
| Enter hero's abilities submenu | 4 | |
| Give item / drop item | 3 | |
| Right click | 1177 | |
| Select / deselect | 275 | |
| Select group hotkey | 784 | |
| Use ability | 66 | |
2443 total
» units
| Peasant | 23 | |
| Footman | 6 | |
| Flying Machine | 11 | |
| Mortar Team | 5 | |
45 total
» upgrades
| Gunpowder | 3 | |
| Plating | 1 | |
| Lumber Harvesting | 2 | |
| Flying Machine Bombs | 1 | |
| Flak Cannons | 1 | |
| Fragmentation Shards | 2 | |
| Masonry | 1 | |
11 total
» buildings
| Altar of Kings | 1 | |
| Barracks | 1 | |
| Farm | 13 | |
| Scout Tower | 3 | |
| Arcane Tower | 1 | |
| Town Hall | 2 | |
| Arcane Vault | 1 | |
| Keep | 1 | |
| Blacksmith | 1 | |
| Lumber Mill | 2 | |
| Castle | 1 | |
| Workshop | 5 | |
32 total
» build order
00:05 Altar of Kings
00:09 Barracks
00:20 Farm
00:20 Farm
01:25 Scout Tower
01:36 Farm
01:57 Arcane Tower
02:18 Farm
03:51 Town Hall
04:08 Arcane Vault
05:48 Keep
05:51 Blacksmith
05:55 Lumber Mill
08:20 Castle
08:47 Workshop
08:48 Workshop
08:49 Workshop
08:52 Workshop
08:53 Workshop
12:03 Farm
12:03 Farm
12:04 Farm
12:05 Farm
12:06 Farm
12:06 Farm
13:44 Scout Tower
13:44 Scout Tower
14:50 Farm
15:11 Farm
15:13 Farm
16:08 Lumber Mill
16:56 Town Hall
» items
| Scroll of Regeneration | 1 | |
| Lesser Clarity Potion | 2 | |
| Scroll of Town Portal | 2 | |
| Potion of Healing | 2 | |
| Healing Salve | 1 | |
| Staff of Sanctuary | 1 | |
9 total
Chat log
(00:30 / Allies) Hunter.: yo
(00:32 / Allies) Hunter.: sup guys
(00:33 / All) Hunter.: sup all, GL
(00:36 / Allies) Ontario: supp
(00:36 / All) S-Jay: GL HF
(00:37 / Allies) Hunter.: we got ne ne ud ud
(00:39 / All) LightYagami: ggl
(00:44 / Allies) Hunter.: i suggest both ud go fiend stat destro wyrm stuff
(00:50 / Allies) Ontario: k
(00:52 / Allies) Hunter.: red go ranged/chims/aa ?
(00:57 / Allies) Hunter.: i got vareity including mg
(01:05 / Allies) Brewery: yeah im going chims
(01:14 / Allies) Hunter.: get expos up quick
(01:16 / Allies) Hunter.: then check on theirs
(01:19 / Allies) Hunter.: get shades later
(01:22 / Allies) Ontario: y
(02:50 / Allies) Ontario: work together for expos?
(04:13 / Allies) Hunter.: gold plz
(04:38 / Allies) Hunter.: \expo red or purple now plz
(05:02 / Allies) Brewery: need some lumber
(05:31 / Allies) Ontario: thats mine...
(05:45 / Allies) Ontario: y
(06:06 / Allies) Brewery: lumber?
(06:34 / Allies) Ontario: i tp
(06:36 / Allies) Ontario: in a sec
(07:17 / Allies) Brewery: lumver please
(08:19 / Allies) Hunter.: gold plz
(08:27 / Allies) Hunter.: thx
(08:39 / Allies) Hunter.: need tp
(09:24 / Allies) Ontario: get b
(09:25 / Allies) Hunter.: i have owl on potm
(09:51 / Allies) Hunter.: need me?
(09:57 / Allies) Ontario: shoud b ok
(10:11 / Allies) Ontario: red
(10:13 / Allies) Ontario: work with pink
(10:16 / Allies) Ontario: i work with green
(10:22 / Allies) Ontario: fuck
(11:12 / Allies) Ontario: redd
(11:15 / Allies) Ontario: worj with pink
(11:16 / Allies) Ontario: omg
(11:25 / Allies) Ontario: omw green
(11:54 / Allies) Ontario: hit main
(11:55 / Allies) Ontario: red
(13:29 / Allies) Hunter.: i can tp
(13:38 / Allies) Ontario: got p
(13:39 / Allies) Ontario: tp
(13:40 / Allies) Ontario: gp
(13:41 / Allies) Ontario: go
(15:00 / Allies) Ontario: omw pink
(15:08 / Allies) Ontario: we need aa
(16:18 / Allies) Hunter.: careful
(16:20 / Allies) Hunter.: dont fight w/o me
(16:31 / Allies) Hunter.: opmw
(17:03 / Allies) Ontario: rdy to tp
(17:04 / Allies) Hunter.: \tping
(17:18 / Allies) Ontario: gogogo
(17:24 / Allies) Ontario: fk
(17:26 / Allies) Ontario: they destroyed main
(18:42 / Allies) Hunter.: little late red...
(18:47 / Allies) Brewery: the copters fucked me
(18:50 / Allies) Brewery: and then couldnt tp
(18:58 / Allies) Hunter.: gj pink
(18:59 / All) Hunter.: gg
(19:02 / All) Hunter.: channel clan emf after game
(19:02 / All) S-Jay: gg
(19:02 / Allies) Ontario: we got this
(19:03 / Allies) Ontario: gj guys
(19:05 / Allies) Hunter.: we hled it down pink